 Dungeon Crawl Stone Soup version 0.22-a0-392-g5dc3fd9 (webtiles) character file.

51 theanonym the Skirmisher (level 3, -3/29 HPs)
             Began as a Mummy Chaos Knight on May 2, 2018.
             Splashed by a jelly's acid (8 damage)
             ... on level 2 of the Dungeon.
             The game lasted 00:02:14 (1748 turns).

theanonym the Skirmisher (Mummy Chaos Knight)       Turns: 1748, Time: 00:02:15

Health: -3/29      AC:  2    Str: 16    XL:     3   Next: 57%
Magic:  3/3        EV:  7    Int: 11    God:    Xom [.*....]
Gold:   101        SH:  7    Dex: 11    Spells: 2/2 levels left

rFire    x . .     SeeInvis .   a - +0 mace (chaos)
rCold    + . .     Gourm    .   f - +0 shield
rNeg     + + +     Faith    .   h - +1 ring mail {rPois}
rPois    ∞         Spirit   .   (no helmet)
rElec    .         Reflect  .   (no cloak)
rCorr    .         Harm     .   (no gloves)
MR       .....                  (no boots)
Stlth    ++........             (no amulet)
HPRegen  0.09/turn              j - ring of stealth
MPRegen  0.08/turn              (no ring)

@: corroded
A: no food or potions, fire vulnerability, cold resistance 1, negative energy
resistance 3, torment resistance, unbreathing
a: Renounce Religion


Innate Abilities, Weirdness & Mutations

You do not eat or drink.
Your flesh is vulnerable to fire.
You are immune to poison.
Your flesh is cold resistant. (rC+)
You are immune to negative energy. (rN+++)
You are immune to unholy pain and torment.
You can survive without breathing.


   Skills:
 + Level 3.5 Fighting
 * Level 3.4 Maces & Flails
 - Level 1.5 Armour
 - Level 0.7 Dodging


You had 2 spell levels left.
You didn't know any spells.

Skill      XL: |  1  2 |
---------------+-------+-----
Maces & Flails | 3 |  3.4
Fighting       | |  3.5
Armour         | |  1.5
Dodging        | |  0.7

Action                   || total
-------------------------++-------
Melee: Mace              ||   107
 Stab: Sleeping          ||     3
Armor: Ring mail         ||    51
Dodge: Dodged            ||    40
Block: Shield            ||    39

Inventory:

Hand Weapons
 a - a +0 mace of chaos (weapon)
Armour
 b - a +2 leather armour
 d - a +0 ring mail
   (You found it on level 1 of the Dungeon)
 f - a +0 shield (worn)
   (You found it on level 1 of the Dungeon)
 h - a +1 ring mail of poison resistance (worn)
   (You found it on level 1 of the Dungeon)
Jewellery
 j - a ring of stealth (left hand)
   (You found it on level 2 of the Dungeon)
Scrolls
 c - 5 scrolls of identify {unknown}
 e - a scroll of teleportation {unknown}
 g - a scroll of enchant weapon {unknown}
 i - 3 scrolls of amnesia {unknown}


You were on level 2 of the Dungeon.
You worshipped Xom.
You were a plaything of Xom.
You were not hungry.

You visited 1 branch of the dungeon, and saw 2 of its levels.

You collected 101 gold pieces.

Dungeon Overview and Level Annotations

Branches:
Dungeon (2/15)

Altars:
Trog

.....# .....#####
.........# .........#
.........#
.........#########+##
....................#
##.#...#########....#
!#.#...########.@...#
...<...........{....#
.#.############.....#
.#.# ..##### .#.# ###
.#.# .#.# .#.# .#.#


There were no monsters in sight!

Notes
Turn   | Place    | Note
-------+----------+-------------------------------------------
     0 | D:1      | theanonym the Mummy Chaos Knight began the quest for the Orb.
     0 | D:1      | Reached XP level 1. HP: 18/18 MP: 1/1
   126 | D:1      | XOM: divination: detect creatures
   323 | D:1      | XOM: silly message
   336 | D:1      | XOM: divination: magic mapping
   348 | D:1      | Reached XP level 2. HP: 22/24 MP: 2/2
   504 | D:1      | XOM: mild Pois miscast
   592 | D:1      | XOM: silly message
   770 | D:1      | Reached skill level 3 in Maces & Flails
   940 | D:2      | Reached XP level 3. HP: 24/29 MP: 3/3
  1157 | D:2      | Noticed a moth of wrath
  1160 | D:2      | Found a bloodstained altar of Trog.
  1551 | D:2      | XOM: mild Fire miscast
  1747 | D:2      | HP: 11/29 [something (5)]
  1748 | D:2      | HP: 5/29 [something (1)]
  1748 | D:2      | Splashed by a jelly's acid

Vanquished Creatures
  An adder (D:2)
  A worm (D:2)
  A dart slug (D:2)
  3 bats (D:1)
  2 giant cockroaches
  A goblin (D:1)
  5 hobgoblins
  5 kobolds
  A quokka (D:2)
  4 ball pythons
  3 frilled lizards (D:1)
  10 rats
37 creatures vanquished.

Table legend:
 A = Turns spent in this place as a percentage of turns spent in the entire game.
 B = Non-inter-level travel turns spent in this place as a percentage of non-inter-level travel turns spent in the entire game.
 C = Inter-level travel turns spent in this place as a percentage of turns spent in this place.
 D = Turns resting spent in this place as a percentage of non-inter-level travel turns spent in this place.
 E = Turns spent auto-exploring this place as a percentage of non-inter-level travel turns spent in this place.
 F = Non-inter-level travel turns spent in this place divided by the number of levels of this place that you've seen.
                   A       B       C       D       E      F
               +-------+-------+-------+-------+-------+----------------------
         Total | 100.0 | 100.0 |   5.0 |  27.3 |  54.8 | 830.5
       Dungeon | 100.0 | 100.0 |   5.0 |  27.3 |  54.8 | 830.5
               +-------+-------+-------+-------+-------+----------------------
